Map: Simulacrum LE

Players

soO - Winner!

  • Race: Zerg Zerg
  • Spawn Location: 5:00

Trap

  • Race: Protoss Protoss
  • League: Master
  • Spawn Location: 11:00

Event: Shopify TSL 5

VOD

Have the link to the VOD?

Description

Time

  • Played on: June 6, 2020, 8:21 a.m.
  • Length: 9:48

All games in this series

Show
View Real Time Build Order
Export as new Build Order

soO Zerg - Winner!

Build Orders: Hatch First 

Get SALT Encoding   

  12  0:00  Drone  
  13  0:12  Overlord  
  13  0:17  Drone  
  14  0:30  Drone x2  
  16  0:48  Hatchery  
  15  0:51  Drone  
  15  0:55  Drone  
  17  0:59  Drone  
  18  1:09  Extractor  
  17  1:14  Spawning Pool  
  17  1:17  Drone  
  17  1:20  Drone  
  18  1:28  Drone  
  19  1:38  Drone  
  20  1:50  Hatchery  
  20  1:52  Drone  
  20  2:01  Queen  
  22  2:03  Drone  
  22  2:05  Drone  
  24  2:11  Drone  
  25  2:16  Overlord  
  25  2:24  Queen  
  25  2:27  Drone  
  28  2:36  Queen  
  31  2:37  Drone  
  31  2:38  Drone  
  31  2:43  Metabolic Boost  
  32  2:46  Drone  
  32  2:48  Zergling x2  
  34  2:53  Drone  
  34  2:54  Drone  
  36  3:02  Queen  
  36  3:03  Overlord  
  38  3:09  Drone x2  
  38  3:10  Drone  
  42  3:12  Drone  
  42  3:21  Queen  
  42  3:22  Drone  
  42  3:23  Drone  
  42  3:25  Drone  
  42  3:26  Drone  
  48  3:33  Drone x2  
  50  3:37  Overlord  
  50  3:45  Overlord  
  50  3:49  Overlord  
  50  3:53  Overlord  
  50  3:55  Drone x2  
  52  3:57  Drone x5  
  52  4:02  Roach Warren  
  56  4:07  Spore Crawler x2  
  56  4:08  Zergling x6  
  56  4:09  Zergling x2  
  58  4:11  Spore Crawler  
  58  4:14  Zergling x4  
  59  4:17  Zergling x4  
  59  4:20  Zergling x2  
  59  4:21  Zergling x2  
  63  4:25  Zergling x6  
  65  4:49  Roach, Lair  
  65  4:50  Roach x4  
  65  4:51  Drone x4  
  79  4:53  Extractor x2  
  79  4:54  Overlord  
  79  4:58  Drone x2  
  78  5:01  Drone x3  
  78  5:03  Overlord  
  78  5:07  Overlord  
  81  5:08  Overlord  
  81  5:12  Overlord  
  81  5:13  Drone x2  
  81  5:14  Drone  
  84  5:17  Drone x2  
  86  5:22  Drone x2  
  86  5:23  Drone  
  86  5:26  Drone x2  
  86  5:27  Drone  
  86  5:28  Extractor  
  91  5:29  Extractor  
  91  5:33  Overlord  
  91  5:35  Overlord  
  88  5:40  Roach x6  
  94  5:43  Overlord  
  86  5:50  Roach x2  
  86  5:55  Overlord  
  88  5:58  Glial Reconstitution  
  88  6:00  Roach x4  
  96  6:09  Roach x6  
  108  6:18  Roach  
  110  6:22  Roach x3  
  116  6:28  Overseer  
  115  6:33  Roach x6  
  115  6:37  Overlord  
  127  6:40  Overlord  
  127  6:46  Roach x7  
  141  7:00  Ravager x2  
  143  7:07  Ravager x2  
  144  7:10  Roach x2  
  144  7:12  Hatchery  
  144  7:13  Overlord  
  144  7:14  Roach x2, Zergling x12  
  144  7:15  Zergling x2  
  158  7:22  Ravager  
  159  7:30  Roach  
  159  7:31  Overlord  
  159  7:32  Ravager x2  
  159  7:33  Zergling x12  
  159  7:36  Overlord  
  169  7:40  Overlord  
  169  7:44  Overlord  
  168  7:45  Roach  
  168  7:49  Roach x2  
  168  7:52  Roach  
  168  7:55  Roach  
  168  7:56  Roach x2  
  168  7:58  Roach x2  
  164  8:00  Roach  
  164  8:01  Roach x3  
  164  8:05  Roach  
  154  8:07  Roach x2  
  154  8:08  Roach  
  154  8:09  Roach  
  154  8:13  Roach  
  154  8:14  Roach  
  149  8:21  Roach  
  149  8:22  Roach x3  
  149  8:26  Roach  
  145  8:27  Roach x2  
  145  8:29  Roach  
  145  8:31  Roach  
  145  8:33  Roach  
  142  8:36  Roach  
  142  8:39  Zergling x4  
  142  8:40  Zergling x2  
  144  8:42  Roach  
  144  8:44  Roach  
  144  8:46  Roach  
  144  8:56  Ravager x3  
  144  9:01  Ravager  
  144  9:02  Zergling x18  
  153  9:11  Ravager x2  
  153  9:14  Roach x3, Zergling x2  
  153  9:15  Zergling x4  
  164  9:18  Roach x2  
  165  9:24  Roach  
  165  9:25  Roach x2  
  165  9:27  Roach  
Show
View Real Time Build Order
Export as new Build Order

Trap Protoss 

Build Orders: 1 Gate Expand, Archon Immortal, Archon Drop, Dark Templar Rush 

Get SALT Encoding   

  12  0:00  Probe  
  13  0:12  Probe  
  14  0:20  Pylon  
  14  0:24  Probe  
  15  0:30  Assimilator  
  15  0:38  Probe (Chrono Boost)  
  16  0:44  Gateway  
  17  0:50  Probe (Chrono Boost)  
  17  0:57  Probe (Chrono Boost)  
  18  1:04  Probe  
  19  1:16  Probe  
  20  1:23  Nexus  
  20  1:33  Cybernetics Core  
  20  1:35  Probe  
  21  1:41  Assimilator  
  21  1:47  Probe  
  21  1:50  Pylon  
  22  2:00  Probe  
  23  2:06  Stalker (Chrono Boost)  
  23  2:10  Warp Gate  
  23  2:12  Probe  
  26  2:20  Twilight Council  
  26  2:24  Probe (Chrono Boost)  
  26  2:29  Adept  
  29  2:35  Probe (Chrono Boost)  
  31  2:42  Probe (Chrono Boost)  
  32  2:44  Probe (Chrono Boost)  
  32  2:46  Robotics Facility  
  32  2:49  Probe (Chrono Boost)  
  33  2:51  Probe  
  34  3:01  Probe  
  34  3:03  Probe  
  34  3:05  Gateway  
  36  3:12  Dark Shrine  
  36  3:14  Probe  
  36  3:15  Probe  
  38  3:28  Gateway  
  38  3:29  Gateway  
  38  3:35  Warp Prism (Chrono Boost)  
  38  3:40  Probe  
  41  3:42  Probe  
  41  3:47  Pylon  
  42  3:52  Probe  
  42  3:54  Probe, Assimilator  
  44  3:57  Assimilator  
  44  4:04  Probe  
  44  4:06  Probe  
  44  4:09  Pylon  
  46  4:15  Pylon  
  46  4:16  Probe  
  47  4:18  Probe  
  48  4:28  Probe  
  48  4:30  Probe  
  50  4:32  Dark Templar x3  
  50  4:33  Dark Templar  
  50  4:37  Observer  
  59  4:41  Pylon  
  59  4:47  Probe  
  59  4:48  Probe  
  61  4:52  Archon  
  61  4:54  Archon  
  61  4:58  Immortal  
  64  5:02  Charge, Probe  
  64  5:03  Probe  
  64  5:05  Pylon  
  64  5:17  Probe x2  
  64  5:18  Gateway  
  64  5:20  Gateway  
  64  5:21  Sentry x2  
  70  5:25  Sentry  
  70  5:26  Zealot  
  74  5:41  Immortal (Chrono Boost)  
  78  5:48  Probe x2  
  74  5:54  Sentry x2, Zealot x2  
  78  5:58  Forge  
  78  6:00  Pylon  
  78  6:01  Pylon  
  78  6:11  Gateway  
  78  6:12  Gateway  
  78  6:17  Immortal (Chrono Boost)  
  78  6:20  Sentry x2, Pylon  
  86  6:34  Nexus  
  86  6:37  Probe x2 (Chrono Boost), Protoss Ground Weapons Level 1 (Chrono Boost)  
  86  6:39  Pylon  
  90  6:48  Probe x2 (Chrono Boost)  
  90  6:51  Immortal (Chrono Boost)  
  90  6:53  Probe x2 (Chrono Boost)  
  96  7:04  Probe x2  
  98  7:10  Templar Archives  
  98  7:15  Shield Battery  
  98  7:16  Shield Battery  
  98  7:18  Shield Battery  
  98  7:19  Sentry x2, Zealot  
  98  7:20  Zealot  
  106  7:24  Zealot  
  106  7:26  Shield Battery  
  108  7:42  Pylon  
  108  7:43  Immortal (Chrono Boost)  
  108  7:46  Dark Templar  
  108  7:47  Dark Templar  
  109  7:52  Zealot x4  
  109  7:55  Archon  
  75  8:13  Immortal (Chrono Boost)  
  75  8:17  Zealot x4  
  78  8:33  Zealot x2  
  68  8:39  Immortal, Zealot x2  
  68  8:53  Sentry x2  
  68  8:54  Sentry x2  
  76  8:59  Gateway  
  76  9:03  Gateway  
  76  9:12  Zealot x3  
  76  9:13  Sentry  
  84  9:17  Zealot  
  84  9:21  Zealot x2  
  88  9:25  Zealot  
  80  9:33  Zealot x2  
  70  9:41  Zealot x2  
Tags
 
Add a new tag
Caveats
  • Supply blocks, unpowered buildings, or Contaminate may cause inaccurate times.
  • Supply counts are checked every 10 seconds.